[Event "Early-Titled-Tuesday-Blitz-November-28-2023"]
[Site "Chess.com"]
[Date "2023.11.28"]
[Round "1"]
[White "MasterKroket"]
[Black "ContrVersia"]
[Result "1/2-1/2"]
[WhiteElo "2503"]
[BlackElo "2881"]
[TimeControl "180+1"]
[EndTime "8:08:47 PST"]
[Termination "Game drawn by repetition"]

1. e4 c5 2. Nf3 a6 3. c4 Nc6 4. d4 cxd4 5. Nxd4 e5 6. Nxc6 bxc6 7. Nc3 Bc5 8. Be2 Nf6 9. Bg5 h6 10. Bh4 d6 11. O-O g5 12. Bg3 h5 13. h4 Ng4 14.
hxg5 Qxg5 15. Bxg4 hxg4 16. Re1 Qh6 17. Kf1 Qh1+ 18.
Ke2 Qxg2 19. Qd3 Be6 20. Rg1 Qf3+ 21. Qxf3 gxf3+ 22. Kd3 Kd7 23. Rad1 f5 24. Na4 Bd4 25. Kc2 fxe4 26. Rxd4 exd4 27. Nb6+ Kc7 28. Nxa8+ Rxa8 29. c5 Bf5 30. Bxd6+ Kd7 31. Be5 e3+ 32. Kc1 exf2 33. Rf1 d3 34. Rxf2 Ke6 35. Bc3 Be4 36. Rh2 Rg8 37. Kd2 Rg2+ 38. Rxg2 fxg2 39. Bd4 Kf5 40. Bg1 Kf4 41. Be3+ Kf3 42. Bg1 Bf5 43. b3 Ke4 44. Kc3 Be6 45. Kd2 a5 46. Kc3 Bf5 47. Kd2 Kd5 48.
Kc3 Ke6 49. Kd2 Kd7 50. Kc3 Kc7 51. Kd2 Kb7 52. Kc3 Ka6 53. Kd2 Kb5 54. Kc3 Be4 55. Bf2 a4 56. bxa4+ Kxa4 57. Bg1 Ka3 58. Bf2 Kxa2 59.
Bg1 Kb1 60. Kd2 Kb2 61. Bf2 Kb3 62. Bg1 Kc4 63. Bf2 Kd5 64. Bg1 Bf5 65. Bf2 Ke4 66.
Bg1 Kf3 67. Bd4 Kf4 68. Bg1 Kg3 69. Ke3 Bg6 70. Kd2 Kf4 71. Bf2 Kf3 72. Bg1 Ke4 73.
Bf2 Kd5 74. Bg1 Be4 75. Bf2 Ke5 76. Bg1 Kf4 77. Bf2 Kg4 78. Bg1 Kf3 79. Bd4 Bf5 80. Bg1 Kg3 81. Ke3 Bg6 82. Kd2 Kh3 83. Ke3 Kg3 1/2-1/2

[Event "Early-Titled-Tuesday-Blitz-November-28-2023"]
[Site "Chess.com"]
[Date "2023.11.28"]
[Round "1"]
[White "viktorgen2021"]
[Black "OhanyanEminChess"]
[Result "0-1"]
[WhiteElo "2472"]
[BlackElo "2857"]
[TimeControl "180+1"]
[EndTime "8:08:47 PST"]
[Termination "OhanyanEminChess won by resignation"]

1. Nf3 d5 2. c4 e6 3. g3 Nf6 4.
Bg2 Nbd7 5. O-O Be7 6. b3 b6 7. Bb2 Bb7 8. d4 O-O 9. Nc3 c5 10. cxd5 Nxd5 11. Rc1 Nxc3 12. Bxc3 Nf6 13. dxc5 Bxc5 14.
Qc2 Qe7 15. Qb2 Ba3 16. Bxf6 gxf6 17. Qd2 Bxc1 18. Rxc1 Rac8 19. Rxc8 Rxc8 20. Qh6 Qd6 21. Nd2 Bxg2 22. Kxg2 Qd5+ 23. Nf3 Rc2 24. Qxf6 Rxe2 25. h4 h5 26. Kg1 Rc2 27. Qf4 Rxa2 28. g4 hxg4 29. Qxg4+ Kf8 30. h5 Ra1+ 31. Kh2 Qf5 32. Qb4+ Kg8 33. Kg2 Qxh5 34. Qf4 Rd1 35. Ng5 Qg6 36.
Kh3 Rd5 37. Nf3 Rh5+ 38. Nh4 Qh6 39. Qg4+ Kh7 40. Qe4+ Kg7 41. Qg4+ Kh8 42. Qd4+ Kh7 43. Qe4+ Qg6 44. Qf4 Qg5 45. Qxf7+ Kh8 46. Qf8+ Qg8 47. Qf6+ Qg7 48. Qd8+ Kh7 49. Qd3+ Kg8 50. Qd8+ Qf8 51.
Qd2 Qf5+ 52. Kg3 Qg5+ 53. Qxg5+ Rxg5+ 54. Kf4 Rh5 55. Nf3 Rf5+ 56. Ke4 Kf8 57. Nd4 Rxf2 58. Nxe6+ Ke7 59. Nd4 Kd7 60. Kd5 Rd2 61. Kc4 Rh2 62. Nb5 a6 63. Nd4 Rh4 64. Kd5 Rh5+ 65. Kc4 a5 66. Nc2 Rc5+ 67. Kd3 Kc6 68. Nd4+ Kb7 69. Ne6 Rd5+ 70. Kc4 Rh5 71. Nd4 Ka6 72. Nc6 Rc5+ 73.
Kd4 Rxc6 0-1

[Event "Early-Titled-Tuesday-Blitz-November-28-2023"]
[Site "Chess.com"]
[Date "2023.11.28"]
[Round "1"]
[White "Sofia_Blokhin"]
[Black "marcodobrikov"]
[Result "0-1"]
[WhiteElo "2255"]
[BlackElo "2596"]
[TimeControl "180+1"]
[EndTime "8:08:47 PST"]
[Termination "marcodobrikov won on time"]

1. d4 Nf6 2. c4 c5 3. d5 b5 4.
cxb5 a6 5. Nc3 d6 6. e4 g6 7. Be2 Bg7 8. Nf3 O-O 9. O-O axb5 10. Bxb5 Ba6 11. Bd3 Bxd3 12. Qxd3 Na6 13. a3 Nd7 14. Bf4 Qb6 15. Rab1 Rfb8 16. Nd2 Nc7 17. Nc4 Qa6 18. Rfd1 Rb3 19. Bg5 Nb5 20. Nd2 Ne5 21. Qf1 Nxc3 22. Qxa6 Rxa6 23. bxc3 Rxb1 24. Rxb1 f6 25. Bh4 Rxa3 26.
f4 Nd3 27. Rb3 Rxb3 28. Nxb3 Nxf4 29. Bg3 Ne2+ 30. Kf2 Nxc3 31. Ke3 c4 32. Na5 Bh6+ 33. Kd4 Ne2+ 34. Kxc4 Nxg3 35. hxg3 Kf7 36. Nc6 f5 37. e5 dxe5 38. Nxe5+ Kf6 39. Nd7+ Kg5 40. Kd4 Kg4 41. Ke5 Kxg3 42. Ke6 Bg5 43. Nf8 Kxg2 44. Nxh7 Bh4 45. Nf8 g5 46. Kxe7 g4+ 47. Ke6 f4 48. Ng6 Bg5 49. Kf5 f3 50. Kxg5 f2 51. Nh4+ Kg3 52.
Nf5+ Kf3 53. Nh4+ Ke2 54. Nf5 Kf3 55. Nh4+ Kg3 56. Nf5+ Kh2 57. Nh4 f1=Q 58. Kxg4 Qd3 59. Nf3+ Kh1 60. d6 Qxd6 61. Kh3 Qf4 62. Nh4 Qe4 0-1

[Event "Early-Titled-Tuesday-Blitz-November-28-2023"]
[Site "Chess.com"]
[Date "2023.11.28"]
[Round "1"]
[White "KaydenTroffChess"]
[Black "Kotofeyca"]
[Result "1/2-1/2"]
[WhiteElo "2788"]
[BlackElo "2454"]
[TimeControl "180+1"]
[EndTime "8:08:50 PST"]
[Termination "Game drawn - insufficient material"]

1. d4 d5 2. Nf3 c6 3. Bf4 Bg4 4. Ne5 Bh5 5. c4 e6 6. Nc3 Nd7 7. Qb3 Nxe5 8. Bxe5 Qd7 9. e3 f6 10. Bg3 f5 11. Bd3 Nf6 12. O-O Be7 13. Qc2 O-O 14. cxd5 cxd5 15. Bb5 Qd8 16. Rac1 a6 17. Be2 Qa5 18. Qb3 Qb4 19. Bxh5 Qxb3 20. axb3 Nxh5 21. Be5 Rac8 22. Na4 Nf6 23. Nb6 Rxc1 24. Rxc1 Bd8 25. Bc7 Be7 26. Be5 Bd8 27. Bxf6 Bxb6 28. Be5 Kf7 29. Rc3 Ba5 30. b4 Bb6 31. Bc7 Bxc7 32. Rxc7+ Kf6 33. Rxb7 Rc8 34. g3 Rc2 35. b5 a5 36. Ra7 Rxb2 37. Rxa5 h5 38. h4 g6 39. Kg2 Rb1 40. Kf3 Rb2 41. Kg2 Rb1 42. Kh2 Rb2 43.
Kg1 Rb1+ 44. Kg2 Rb2 45. Kf3 Rb1 46. Kf4 Rb2 47. f3 Rb3 48. Ra8 Rxb5 49. Rf8+ Ke7 50. Rh8 Kf6 51. g4 fxg4 52. fxg4 hxg4 53. Kxg4 Rb1 54.
Rf8+ Ke7 55. Rf3 Rg1+ 56. Rg3 Rxg3+ 57. Kxg3 Kf7 58. Kg4 Kf6 59. Kf4 Kf7 60. Kg5 Kg7 61. Kg4 Kf7 62. Kf3 Ke7 63. Kg3 Kf7 64. Kg4 Kf6 65. Kf4 Kf7 66. Kg5 Kg7 67. Kg4 Kf7 68. h5 gxh5+ 69. Kxh5 Kf6 70. Kg4 Kg6 71. Kf4 Kf6 72. Kg3 Kf5 73. Kf3 Kg5 74. e4 dxe4+ 75. Kxe4 Kf6 76. Kf4 Kg6 77. Ke5 Kf7 78. Kd6 Kf6 79.
d5 exd5 80. Kxd5 1/2-1/2

[Event "Early-Titled-Tuesday-Blitz-November-28-2023"]
[Site "Chess.com"]
[Date "2023.11.28"]
[Round "1"]
[White "Tartody"]
[Black "Karina_Ivanova"]
[Result "1/2-1/2"]
[WhiteElo "2578"]
[BlackElo "2249"]
[TimeControl "180+1"]
[EndTime "8:08:56 PST"]
[Termination "Game drawn - insufficient material"]

1. e4 c6 2. Nc3 d5 3. d4 dxe4 4. Nxe4 Bf5 5. Ng3 Bg6 6. Bc4 e6 7. N1e2 Bd6 8. O-O Ne7 9. Nf4 Qc7 10. Qf3 O-O 11. c3 Nd7 12. Nxg6 Nxg6 13. Re1 Rae8 14.
a3 c5 15. Bd3 cxd4 16. cxd4 Nf6 17. Bg5 Nd5 18. Qh5 Bf4 19. Re4 Bxg5 20. Qxg5 Nf6 21. Ree1 Qf4 22. Qxf4 Nxf4 23. Rad1 Nxd3 24. Rxd3 Rc8 25.
Rd2 Rc7 26. f3 Rfc8 27. Ree2 g6 28. Ne4 Nd5 29. g3 Kf8 30. Kf2 Ke7 31. h4 h5 32. Ng5 Kf6 33. Ne4+ Ke7 34. Nc5 b6 35. Nd3 a5 36. Kg2 a4 37. Nf2 Rc4 38. Ne4 Rd8 39. Kf2 Rdc8 40. Ng5 Rd8 41. Re4 Rdc8 42.
Rde2 Rc2 43. Re5 Rxe2+ 44. Rxe2 Rc4 45. Rd2 b5 46. Ne4 b4 47. axb4 Nxb4 48. Ke3 Nd5+ 49.
Kd3 Rb4 50. Nc3 Kd6 51. Ne4+ Ke7 52. Nc3 Kd6 53. g4 hxg4 54. fxg4 Nf4+ 55. Ke4 Nd5 56. Kd3 Nf4+ 57. Ke4 Nd5 58. Rh2 Nxc3+ 59. bxc3 Rb3 60. Kd3 Rb8 61. h5 gxh5 62. gxh5 e5 63. h6 exd4 64. Kxd4 Rh8 65. c4 f5 66. h7 f4 67.
Rh6+ Kc7 68. Ke4 a3 69. Kxf4 a2 70. Ra6 Rxh7 71. Rxa2 Kc6 72. Ke4 Kc5 73. Rc2 Rh4+ 74. Kd3 Rh3+ 75. Kd2 Rh2+ 76. Kc3 Rxc2+ 77. Kxc2 Kxc4 1/2-1/2

[Event "Early-Titled-Tuesday-Blitz-November-28-2023"]
[Site "Chess.com"]
[Date "2023.11.28"]
[Round "1"]
[White "olksuna"]
[Black "AccioChess"]
[Result "1/2-1/2"]
[WhiteElo "2749"]
[BlackElo "2441"]
[TimeControl "180+1"]
[EndTime "8:09:00 PST"]
[Termination "Game drawn - insufficient material"]

1. e4 c5 2. Nf3 d6 3. d4 cxd4 4. Nxd4 Nf6 5. Nc3 a6 6. Rg1 Nc6 7. Nxc6 bxc6 8. g4 Qa5 9. Bd3 Rb8 10. g5 Nd7 11. Rb1 Nc5 12. Bd2 Nxd3+ 13. cxd3 Qc7 14. b3 e5 15. Rc1 Qd7 16. Rg3 Be7 17.
h4 f5 18. gxf6 Bxf6 19. Bg5 O-O 20. Qh5 Qf7 21. Qxf7+ Rxf7 22. Na4 Bd7 23. Nb2 Rbf8 24. Rc2 Bxg5 25. hxg5 d5 26. Na4 dxe4 27. dxe4 Rf4 28. Nc5 Be8 29. Kf1 Rh4 30. Kg2 Bg6 31. f3 Rd8 32.
Nxa6 Ra8 33. Rxc6 Rxe4 34. Kf2 Rd4 35. Rg2 Rd2+ 36. Kg3 Rd3 37. Nc5 Rc3 38. b4 e4 39. Rf2 Raa3 40. Nb3 Rxc6 41. fxe4 Rca6 42. Rd2 Rxa2 43. Rd8+ Kf7 44. Nc5 Ra8 45. Rd7+ Ke8 46. Rxg7 R2a3+ 47. Kf4 Kf8 48. Ne6+ Ke8 49. Nc7+ Kd8 50.
Nxa8 Rxa8 51. Rg8+ Be8 52. Rg7 Ra4 53. Rxh7 Rxb4 54.
Kf5 Bd7+ 55. Ke5 Bc6 56. Kd6 Be8 57. e5 Rb6+ 58. Kc5 Rg6 59. Ra7 Bd7 60. Kd5 Ke7 61.
Rb7 Rxg5 62. Kd4 Rg4+ 63. Kd5 Rg1 64. Kc5 Rd1 65. Rb4 Ke6 66. Rd4 Rxd4 67. Kxd4 Bc6 68.
Kc5 Bd5 69. Kd4 Kf5 70. Kc5 Kxe5 1/2-1/2

[Event "Early-Titled-Tuesday-Blitz-November-28-2023"]
[Site "Chess.com"]
[Date "2023.11.28"]
[Round "1"]
[White "giomar27"]
[Black "sokidze"]
[Result "1-0"]
[WhiteElo "2443"]
[BlackElo "2747"]
[TimeControl "180+1"]
[EndTime "8:09:00 PST"]
[Termination "giomar27 won on time"]

1. e4 c6 2. Ne2 d5 3. e5 Bf5 4. Ng3 Bg6 5. h4 h5 6. e6 Qd6 7. exf7+ Bxf7 8. d4 Nd7 9. Be2 O-O-O 10. O-O Ngf6 11. b3 e5 12. c4 dxc4 13. bxc4 Qxd4 14. Qxd4 exd4 15. Nd2 Ne5 16. Nf3 Nxf3+ 17. Bxf3 Bxc4 18. Rd1 c5 19. Bg5 Bd5 20. Rac1 Bxf3 21. gxf3 b6 22. Nf5 Rd5 23. Nxd4 Bd6 24. Ne6 Kd7 25. Rxd5 Nxd5 26. Nxg7 b5 27. Rd1 Kc6 28. Nf5 Be5 29. Re1 Bc7 30. Ng3 c4 31. Ne4 c3 32. a3 a5 33. Nf6 Nxf6 34. Bxf6 Rg8+ 35. Kf1 b4 36. axb4 axb4 37. Re4 Bd6 38. Ke2 b3 39. Rc4+ Kd5 40. Rxc3 Rb8 41. Rd3+ Ke6 42. Bb2 Kd7 43. Ba3 Rb6 44.
Bxd6 Rxd6 45. Rxb3 Ke6 46. Re3+ Kf5 47. Re4 Ra6 48. Kf1 Ra1+ 49. Kg2 Ra7 50. Rb4 Rg7+ 51. Kh3 Rf7 52. Rb5+ Kg6 53. Rb6+ Kf5 54. Rb5+ Kf4 55. Rxh5 Kxf3 56. Rg5 Kxf2 57. h5 Kf3 58. Kh4 Kf4 59.
Rg1 Rh7 60. Rf1+ Ke5 61. Kg5 Rg7+ 62. Kh6 Rg2 63. Kh7 Ke6 64. h6 Ke7 65. Kh8 Rg3 66. h7 Rg2 67. Rf4 Rg3 68. Ra4 Rg2 69. Ra7+ Kf8 70. Ra8+ Kf7 71. Rg8 Rh2 72. Rg3 Rh1 73. Rf3+ 1-0

[Event "Early-Titled-Tuesday-Blitz-November-28-2023"]
[Site "Chess.com"]
[Date "2023.11.28"]
[Round "1"]
[White "vishwa_vijeta"]
[Black "TRadjabov"]
[Result "0-1"]
[WhiteElo "2516"]
[BlackElo "3017"]
[TimeControl "180+1"]
[EndTime "8:09:02 PST"]
[Termination "TRadjabov won on time"]

1. e4 b6 2. d4 Bb7 3. Nc3 e6 4. Nf3 Bb4 5. Bd3 Nf6 6. Qe2 d5 7. exd5 Nxd5 8. Bd2 Nd7 9. O-O N5f6 10. Rad1 O-O 11.
Ne5 Be7 12. Ne4 Nxe4 13. Bxe4 Bxe4 14. Qxe4 Nxe5 15. dxe5 Qd5 16. Qxd5 exd5 17. Be3 Rad8 18. c3 c5 19. f4 f5 20. Kf2 Kf7 21. Ke2 Ke6 22. h3 h5 23. g3 g6 24. Rg1 Rh8 25. Rg2 Rd7 26. Bf2 Rf8 27. Be3 Rh8 28. Bf2 g5 29.
Be3 g4 30. Rh1 d4 31. cxd4 cxd4 32. Bd2 d3+ 33. Kd1 Rdd8 34. Rgh2 Rdg8 35. Be1 h4 36. hxg4 Rxg4 37. gxh4 Rxf4 38. h5 Rc4 39. Bc3 b5 40. h6 b4 41. Bd2 Rc2 42. h7 Rxb2 43. Rg1 Bc5 44. Rg3 Rb1+ 45. Bc1 f4 46. Rxd3 Be3 47.
Rxe3 fxe3 48. Kc2 Ra1 49. Bb2 Rf1 50. Rh6+ Ke7 51. e6 Rf2+ 52. Kb3 e2 53. Bxh8 e1=Q 54. Bf6+ Rxf6 55. h8=Q Qe3+ 56. Ka4 Qxh6 57. Qa8 Rxe6 58.
Qxa7+ Kf6 59. Qd4+ Kg6 60. Qg4+ Kf7 61. Qf3+ Qf6 62.
Qb7+ Re7 63. Qd5+ Qe6 64. Qh5+ Kf6 65. Qh6+ Kf5 66. Qh5+ Ke4 67. Qe2+ Kd5 68. Qb5+ Kd4 69. Kxb4 Qd6+ 70. Kb3 Re3+ 0-1

[Event "Early-Titled-Tuesday-Blitz-November-28-2023"]
[Site "Chess.com"]
[Date "2023.11.28"]
[Round "1"]
[White "VladimirBugayev"]
[Black "SaqoChess_Twitch"]
[Result "1/2-1/2"]
[WhiteElo "2326"]
[BlackElo "2614"]
[TimeControl "180+1"]
[EndTime "8:09:03 PST"]
[Termination "Game drawn - insufficient material"]

1. e4 c5 2. Nc3 d6 3. f4 g6 4. Nf3 Nc6 5. Bc4 Bg7 6. O-O e6 7. d4 cxd4 8. Nb5 Nge7 9. Bb3 O-O 10. Nbxd4 a6 11. c3 Nxd4 12. cxd4 b5 13. Be3 Bb7 14.
Bf2 Bxe4 15. Bh4 Qd7 16. Bf2 Rac8 17. Qd2 Rc7 18. Rae1 Bxf3 19. gxf3 d5 20. h4 h5 21.
Bc2 Rfc8 22. Bd3 Bh6 23. Bg3 Nf5 24. Qf2 Nxg3 25. Qxg3 Qd6 26. Re5 Bg7 27. Bxg6 Bxe5 28. fxe5 Qf8 29. Bxh5+ Qg7 30. Bg4 Rc1 31. Qf4 Rxf1+ 32.
Kxf1 Qh7 33. Qg5+ Kf8 34. Kf2 Qb1 35. Kg3 Qg1+ 36. Kh3 Qh1+ 37. Kg3 Qe1+ 38. Kh3 Qc1 39. Qf6 Ke8 40. Bxe6 Qh1+ 41. Kg3 Qg1+ 42. Kh3 Rc7 43.
Bxd5 Qg6 44. Qf4 Rc2 45. Qg4 Qxg4+ 46. Kxg4 Rxb2 47. h5 Kf8 48. h6 Kg8 49. Be4 Rxa2 50. d5 Rd2 51. e6 fxe6 52. dxe6 Kf8 53. h7 Rh2 54. Kg5 Ke7 55. Kg6 Kxe6 56. Kg7 Ke5 57. h8=Q Rxh8 58. Kxh8 b4 59. Bc2 Kf4 60. Bd1 a5 61. Kg7 Ke3 62. Kg6 Kd2 63. Ba4 Ke3 64. Bd1 Kd2 65. Ba4 Kc3 66. f4 b3 67. Bxb3 Kxb3 68.
f5 a4 69. f6 a3 70. f7 a2 71. f8=Q a1=Q 72. Qb8+ Kc4 73. Qc7+ Kd3 74. Qg7 Qg1+ 75. Kf7 Qa7+ 76. Kg6 Qb6+ 77. Qf6 Qg1+ 78. Qg5 Qa7 79. Qf6 Ke2 80. Qg5 Kf3 81. Qf5+ Kg3 82. Qg5+ Kf3 83.
Qf5+ Ke2 84. Qe5+ Kd3 85. Qf5+ Kc4 86. Qf7+ Qxf7+ 87. Kxf7 1/2-1/2

[Event "Early-Titled-Tuesday-Blitz-November-28-2023"]
[Site "Chess.com"]
[Date "2023.11.28"]
[Round "1"]
[White "LizardMorrison"]
[Black "ahkashefi2800"]
[Result "0-1"]
[WhiteElo "2179"]
[BlackElo "2555"]
[TimeControl "180+1"]
[EndTime "8:09:06 PST"]
[Termination "ahkashefi2800 won by checkmate"]

1. e4 c6 2. d4 d5 3. Nc3 dxe4 4.
Nxe4 Nd7 5. Qe2 Ndf6 6. Nf3 Bg4 7. c3 Qd5 8. Ng3 Bxf3 9. Qxf3 Qxf3 10. gxf3 e6 11. f4 g6 12. Be3 Ne7 13. O-O-O Bg7 14. Bd3 O-O-O 15. Kc2 h5 16. h4 Bh6 17. c4 Rd7 18.
Rd2 Rhd8 19. Rhd1 Nf5 20. Nxf5 gxf5 21. f3 Bg7 22. Be2 Ne8 23. d5 cxd5 24. cxd5 Rxd5 25. Rxd5 Rxd5 26. Rxd5 exd5 27. Bxa7 Kc7 28. Bc5 Kc6 29.
Bb4 Bf6 30. Bd3 Bxh4 31. Bxf5 Bg3 32. Kd3 Bxf4 33. Bc3 f6 34. Bg6 Kd7 35. Bxh5 Be5 36. Bg4+ Kc6 37. Bd4 Nd6 38. f4 Bxd4 39. Kxd4 Nb5+ 40.
Kd3 Kc5 41. a3 Na7 42. Bf3 Nc6 43. b4+ Kd6 44. b5 Na7 45. a4 Kc5 46. Kc3 b6 47. Bg4 d4+ 48. Kd3 Kd5 49. Bf3+ Kc5 50. Bb7 Kb4 51. Kxd4 Kxa4 52. Bc6 Kb4 53. Kd5 Nxb5 54. Ke4 Nc3+ 55. Kf5 Kc5 56. Be8 Nd5 57. Bd7 b5 58.
Bxb5 Kxb5 59. Ke6 Kc5 60. f5 Kd4 61. Kd6 Ke4 62. Ke6 Kd4 63. Kd6 Ne3 64. Ke6 Ng4 65. Kd6 Ke4 66. Ke6 Kf4 67. Kd5 Kxf5 68. Kd4 Kf4 69.
Kd3 Kf3 70. Kd2 f5 71. Ke1 Nh2 72. Kd1 f4 73. Ke1 Ke3 74. Kd1 f3 75. Ke1 f2+ 76. Kd1 f1=Q+ 77. Kc2 Qd3+ 78. Kb2 Nf3 79. Ka1 Nd4 80. Kb2 Qc2+ 81. Ka1 Nb3# 0-1

[Event "Early-Titled-Tuesday-Blitz-November-28-2023"]
[Site "Chess.com"]
[Date "2023.11.28"]
[Round "1"]
[White "platy3"]
[Black "tusplingher"]
[Result "1-0"]
[WhiteElo "2890"]
[BlackElo "2496"]
[TimeControl "180+1"]
[EndTime "8:09:08 PST"]
[Termination "platy3 won on time"]

1. d4 Nf6 2. Nf3 d5 3. c3 Bf5 4.
Qb3 Qc8 5. c4 dxc4 6. Qxc4 Nbd7 7. Nc3 e6 8. g3 Be7 9. Bg2 Ne4 10.
O-O O-O 11. Bf4 Nb6 12. Qb3 c5 13. Ne5 Nxc3 14. bxc3 Rd8 15. Rfd1 h6 16. Rac1 c4 17. Qb2 Bh7 18. e4 Bd6 19. Qe2 Qc7 20. Qg4 Nd7 21. Bxh6 Bxe5 22. dxe5 Qxe5 23. Bf4 Qa5 24. Qh4 Nf6 25.
e5 Nd5 26. Bg5 Rd7 27. Qxc4 Bg6 28. h4 Bh7 29. h5 Nb6 30. Qf4 Rxd1+ 31. Rxd1 Qxc3 32.
h6 Qc2 33. Rc1 Qf5 34. hxg7 Qxf4 35. Bxf4 Kxg7 36. Rc7 Nd5 37. Bxd5 exd5 38. e6 Kf6 39. Rxf7+ Kg6 40. Rxb7 Bg8 41. e7 Be6 42. Be3 Kf5 43.
Rxa7 Re8 44. f3 Ke5 45. Bf4+ Kd4 46. Kf2 Kc4 47. Rc7+ Kd3 48. Be5 d4 49. a4 Bc4 50.
Rd7 Kc3 51. Bxd4+ Kb4 52. Bf6 Kxa4 53. Rd8 Bf7 54. Rxe8 Bxe8 55. Ke3 Kb5 56. Ke4 Kc6 57. Ke5 Kd7 58. g4 Bg6 59. f4 Bf7 60. f5 Bc4 61. Bh4 Ke8 62. g5 Bd3 63. g6 Bc4 64. Bf6 Bd3 65. Kf4 Bc2 66. Kg5 Bb1 67. g7 Ba2 68. Kg6 Bg8 69. Bg5 Kd7 70. f6 Ke8 71. Bh4 Bd5 72.
Kh7 Be4+ 73. Kh8 Bd5 74. g8=B Be4 75. Bc4 Bg6 76. Bb5+ Kf7 77. e8=B+ Kf8 78. Bec6 Be8 79. Bf2 1-0

[Event "Early-Titled-Tuesday-Blitz-November-28-2023"]
[Site "Chess.com"]
[Date "2023.11.28"]
[Round "1"]
[White "Russian_berezka"]
[Black "jcmesafischer"]
[Result "0-1"]
[WhiteElo "2601"]
[BlackElo "2317"]
[TimeControl "180+1"]
[EndTime "8:09:16 PST"]
[Termination "jcmesafischer won on time"]

1. d4 Nf6 2. c4 e6 3. Nf3 d5 4.
Nc3 Be7 5. Bg5 Nbd7 6. e3 c6 7. Qc2 O-O 8. h3 Re8 9. Bf4 Nf8 10. Rd1 Ng6 11. Bh2 Bd6 12. Bxd6 Qxd6 13. Be2 e5 14. dxe5 Nxe5 15. cxd5 Nxd5 16. Nxd5 cxd5 17.
O-O Bd7 18. Qb3 Bc6 19. Rd4 Nd7 20. Rfd1 Nc5 21. Qa3 Qe7 22. Rc1 Ne6 23. Qxe7 Rxe7 24. Rd2 f6 25. b4 a6 26. Nd4 Nxd4 27. Rxd4 Re4 28. Rcd1 Rae8 29. Bf3 Rxd4 30. Rxd4 Re5 31. Kf1 Kf8 32. Ke1 Ke7 33. Kd2 Kd6 34. h4 g5 35.
Bd1 Re4 36. hxg5 Rxd4+ 37. exd4 fxg5 38. Ke3 Bd7 39. f4 h6 40. Bc2 b6 41. a3 a5 42. Bh7 axb4 43. axb4 Kc6 44. f5 Kd6 45. f6 Bg4 46. Bg8 Bh5 47. g3 Bg4 48. Kf2 Bf5 49. Kf3 Bd7 50. f7 Ke7 51. f8=Q+ Kxf8 52. Bxd5 Ke7 53. Ke4 Kf6 54. Bg8 Bf5+ 55. Ke3 Bb1 56.
Bb3 h5 57. Bd1 h4 58. gxh4 gxh4 59. Kf4 h3 60. Kg3 Bf5 61. Be2 Ke6 62. Bf3 Kd6 63. Kf4 Be6 64. Kg3 Bd7 65. Bb7 Bc6 66. Ba6 Kd5 67. Kxh3 Kxd4 68. Kg3 Kc3 69. b5 Bd7 70.
Kf4 Kb4 71. Ke5 Bxb5 72. Bb7 Bc4 73. Bc6 Kc5 74. Be8 Bb5 75. Bf7 Bc6 76. Bb3 b5 77.
Kf4 b4 78. Ke3 Bd5 79. Bc2 Kc4 80. Kd2 Kd4 81. Kc1 Be4 82. Ba4 Kc3 83. Bd1 Bd5 84.
Kb1 Bb3 85. Bf3 Bc2+ 86. Ka1 b3 0-1

[Event "Early-Titled-Tuesday-Blitz-November-28-2023"]
[Site "Chess.com"]
[Date "2023.11.28"]
[Round "1"]
[White "nindjaxx8"]
[Black "AvitalBor"]
[Result "1/2-1/2"]
[WhiteElo "2473"]
[BlackElo "2839"]
[TimeControl "180+1"]
[EndTime "8:09:24 PST"]
[Termination "Game drawn by repetition"]

1. d4 Nf6 2. c4 g6 3. Nc3 d5 4.
Bf4 Bg7 5. e3 e6 6. Nf3 O-O 7. Be2 b6 8. cxd5 exd5 9. O-O c6 10.
Rc1 Be6 11. Ne5 Nfd7 12. Nxd7 Nxd7 13. Ba6 Qe7 14. Bb7 Rad8 15. Bxc6 Nf6 16. Ba4 Nh5 17. Bg3 Nxg3 18. hxg3 a6 19. Qe2 b5 20. Bb3 h5 21.
Qd2 h4 22. gxh4 Qxh4 23. Ne2 Bf6 24. Nf4 Rd7 25. g3 Qg5 26. Kg2 Bf5 27. Rh1 Bd8 28. f3 Bc7 29. Kf2 Bxf4 30. gxf4 Qf6 31. Rh2 Re8 32.
Rch1 Rc8 33. Qa5 Rd6 34. Kg3 Be6 35. Qe1 Bf5 36. Rh6 Qg7 37. R1h2 Rcd8 38. Qh1 Kf8 39. Rh7 Qf6 40. e4 Qxd4 41. exf5 gxf5 42. R7h6 Ke7 43. Rxd6 Rxd6 44. Re2+ Kd7 45. Qh7 Rg6+ 46. Kh3 Qf6 47.
Bxd5 Rh6+ 48. Qxh6 Qxh6+ 49. Kg3 Qg7+ 50. Kf2 Qd4+ 51.
Ke1 Qxf4 52. Bxf7 Kd6 53. Bb3 Kc5 54. Rc2+ Kb6 55. Kf2 a5 56. Re2 a4 57. Bc2 Ka5 58.
b3 Qd4+ 59. Kf1 f4 60. Re4 Qd2 61. Re2 Qc1+ 62. Kf2 a3 63. Kg2 Qb2 64. Bd3 Qd4 65. Be4 Qg7+ 66. Kf1 Qd4 67. Ke1 Kb4 68. Kf1 Qg7 69.
Ke1 Qd4 70. Kf1 Qa1+ 71. Kg2 Kc5 72. Bf5 Kd6 73. Bd3 Qd4 74. Bxb5 Qg7+ 75. Kf1 Qg3 76. Rf2 Kc5 77. Bc4 Kd4 78. Rd2+ Kc3 79. Rf2 Kd4 80.
Rd2+ Kc3 81. Rf2 Qh3+ 82. Ke1 Qh1+ 83. Rf1 Qh4+ 84. Rf2 Qe7+ 85. Kf1 Qh4 86. Ke1 Qh1+ 87. Rf1 Qg2 88. Rf2 Qg3 89. Kf1 1/2-1/2

[Event "Early-Titled-Tuesday-Blitz-November-28-2023"]
[Site "Chess.com"]
[Date "2023.11.28"]
[Round "1"]
[White "Anton_Demchenko"]
[Black "jeetjain"]
[Result "0-1"]
[WhiteElo "2966"]
[BlackElo "2528"]
[TimeControl "180+1"]
[EndTime "8:09:41 PST"]
[Termination "jeetjain won by resignation"]

1. e4 c6 2. d4 d5 3. e5 Bf5 4.
Bd3 Bxd3 5. Qxd3 e6 6. c3 c5 7. Ne2 Nc6 8. O-O Nge7 9. Nd2 Nf5 10. Nf3 Be7 11. g4 Nh4 12. Nxh4 Bxh4 13. f4 Be7 14. Be3 cxd4 15. cxd4 h5 16. f5 hxg4 17. fxe6 fxe6 18. Nf4 Rh6 19. Ng6 Rh3 20. Rae1 Qb6 21.
Nf4 Rh6 22. Nxd5 exd5 23. Bxh6 gxh6 24. Qg6+ Kd7 25. Qxg4+ Kc7 26. Rf7 Re8 27. Kh1 Qxd4 28. Qg3 Kb6 29. Rf4 Qc5 30. b4 Qc2 31. Rf2 Qa4 32. a3 a6 33. e6 d4 34. Rf7 Qb5 35.
Qf3 Rd8 36. Rf5 Qc4 37. Qe4 Qc3 38. Rf3 Qc4 39. Qd3 Qxd3 40. Rxd3 Rd5 41. Kg2 Ne5 42. Rh3 d3 43. Rd1 d2 44. Rc3 Kb5 45. Kf2 Nc4 46. Rc2 Bg5 47. Ke2 Re5+ 48. Kd3 Re3+ 49. Kd4 Nd6 50. e7 Rxe7 51. Rc5+ Kb6 52. h4 Be3+ 53. Kd3 Bxc5 54. bxc5+ Kxc5 55. Rxd2 Nb5 56. Rc2+ Kd5 57. a4 Nd4 58. Rc8 Nf5 59. h5 Ng3 60. Rd8+ Kc6 61. Rh8 Re5 62. Rxh6+ Kc5 63. Rh7 b5 64. Rb7 Nxh5 65. a5 Nf4+ 66. Kc2 Ne6 67. Rb6 Nd4+ 68.
Kc3 Re6 69. Rb8 Ne2+ 70. Kd2 Kb4 71. Ra8 Kxa5 72. Kd3 b4 73. Kc4 Rc6+ 74. Kd5 Rb6 75. Rc8 b3 76. Rc1 b2 77. Ra1+ bxa1=Q 78. Kc4 Qc1+ 79. Kd3 Kb4 80. Ke4 a5 81. Kd5 a4 0-1

[Event "Early-Titled-Tuesday-Blitz-November-28-2023"]
[Site "Chess.com"]
[Date "2023.11.28"]
[Round "1"]
[White "MelihKaanCan"]
[Black "NikitaShnadrygin"]
[Result "1/2-1/2"]
[WhiteElo "2406"]
[BlackElo "2690"]
[TimeControl "180+1"]
[EndTime "8:10:07 PST"]
[Termination "Game drawn by agreement"]

1. e4 c5 2. Nf3 e6 3. c3 Nf6 4. Bd3 d5 5. e5 Nfd7 6. Bc2 d4 7.
O-O Nc6 8. cxd4 cxd4 9. Re1 d3 10. Bxd3 Ndxe5 11. Nxe5 Nxe5 12. Bb5+ Nc6 13. d4 Bb4 14. Nc3 O-O 15. Be3 Ne7 16. a3 Ba5 17. b4 Bc7 18.
Qf3 Nf5 19. Rad1 Bd7 20. d5 e5 21. d6 Nxd6 22. Bxd7 Qxd7 23. Bc5 Rfd8 24. Ne4 Qe6 25. Nxd6 Bxd6 26. Bxd6 Rxd6 27. Rxd6 Qxd6 28. Qxb7 Rd8 29. Qxa7 Qd2 30. Qe3 Qa2 31. Qxe5 h6 32. Qe3 Ra8 33. h3 Rxa3 34. Qe8+ Kh7 35. Qe4+ g6 36. b5 Rb3 37. Qd5 Kg7 38. Qd4+ Kh7 39. Qc4 Kg7 40. Kh2 Qb2 41.
Qe4 Rxb5 42. Qe3 Rf5 43. Kg1 Qb8 44. Qe2 Qd6 45. Qe3 Qf6 46. Qe2 h5 47. Rd1 Re5 48.
Qd2 g5 49. Re1 Rf5 50. Rd1 g4 51. hxg4 hxg4 52. Qd4 Rg5 53. Qxf6+ Kxf6 54. Rd4 Ke5 55. Ra4 f5 56. g3 Rg6 57. Ra5+ Ke4 58. Ra4+ Kd3 59.
Rf4 Rg5 60. Kg2 Ke2 61. Ra4 Ke1 62. Ra2 Kd1 63. Ra1+ Kc2 64. Ra2+ Kb3 65. Ra5 Kc4 66. Re5 Kd4 67. Re8 Rg7 68. Kf1 Ra7 69. Ke2 Ra2+ 70. Kf1 Rb2 71. Kg2 Rb5 72. Rd8+ Rd5 73. Rf8 Re5 74. Rd8+ Ke4 75. Ra8 Rc5 76. Ra4+ Ke5 77.
Rf4 Rb5 78. Ra4 Rb7 79. Kf1 Kf6 80. Ra5 Kg5 81. Kg2 Rb4 82. Ra8 Kf6 83. Rf8+ Ke5 84. Re8+ Kd4 85. Rf8 Rb5 86. Re8 Rd5 87. Rf8 Ke4 88.
Re8+ Re5 89. Rf8 Kd3 90. Ra8 Rc5 91. Ra3+ Rc3 92. Ra5 Ke4 93. Ra8 Rc5 94. Re8+ Re5 95. Ra8 Rd5 96. Ra4+ Ke5 97. Kf1 Rd6 98. Ke2 Re6 99.
Ke3 Kf6+ 100. Kf4 Kg6 101. f3 gxf3 102. Kxf3 Kg5 103. Ra5 Rb6 104. Ra3 Rb4 105. Rc3 Rg4 106. Ra3 Rb4 107. Rc3 Rb1 108. Ra3 Rf1+ 109. Kg2 Rc1 110. Kf3 Rc2 111. Rb3 Rc4 112. Rb8 Rc3+ 113. Kf2 Kg4 114. Rg8+ Kh3 115. Rh8+ Kg4 116. Rg8+ Kh5 1/2-1/2